 Dungeon Sprint DCSS version 0.21.1-1-g345015f (webtiles) character file.

5400000 Fang the Axe Maniac (level 27, -16/273 HPs)
             Began as a Minotaur Gladiator on May 21, 2018.
             Was the Champion of Makhleb.
             Demolished by a destroyer
             ... wielding a +9 great sword of slicing
              (84 damage)
             ... in the Dungeon (Sprint VIII: "Arena of Blood").
             The game lasted 00:00:41 (54 turns).

Fang the Axe Maniac (Minotaur Gladiator)              Turns: 54, Time: 00:00:41

Health: -16/273    AC:  6    Str: 28    XL:     27
Magic:  24/53      EV: 32    Int:  5    God:    Makhleb [******]
Gold:   0          SH:  0    Dex: 16    Spells: 80/80 levels left

rFire    . . .     SeeInvis .   l - +∞ Axe of Woe
rCold    . . .     Gourm    .   (shield currently unavailable)
rNeg     . . .     Faith    .   b - +0 leather armour
rPois    .         Spirit   .   c - +0 hat
rElec    .         Reflect  .   (no cloak)
rCorr    .         Harm     .   (no gloves)
MR       ++...     NoTele   +   (no boots)
Stlth    +++++++++.             (no amulet)
HPRegen  0.55/turn              (no ring)
MPRegen  0.33/turn              (no ring)

@: no status effects
A: retaliatory headbutt, horns 2
a: Minor Destruction, Lesser Servant of Makhleb, Major Destruction, Greater
Servant of Makhleb, Renounce Religion


You were in the Dungeon.
You worshipped Makhleb.
Makhleb was exalted by your worship.
You were not hungry.

You visited 1 branch

Inventory:

Hand Weapons
 a - a +0 war axe
 l - the +∞ Axe of Woe (weapon)
   (You found it in the Dungeon)
Missiles
 d - 3 throwing nets (quivered)
Armour
 b - a +0 leather armour (worn)
 c - a +0 hat (worn)
Scrolls
 k - a scroll of blinking
Potions
 e - a potion of curing
 g - a potion of heal wounds
 h - a potion of haste
 i - 2 potions of magic
 j - a potion of berserk rage
Comestibles
 f - a ration


   Skills:
 O Level 27 Fighting
 O Level 27 Axes
 O Level 27 Throwing
 O Level 27 Armour
 O Level 27 Dodging
 O Level 27 Stealth
 O Level 27 Unarmed Combat
 O Level 27 Spellcasting
 O Level 27 Invocations


You had 80 spell levels left.
You didn't know any spells.

Dungeon Overview and Level Annotations

Branches:
Dungeon (1/1)

Altars:
Makhleb


Innate Abilities, Weirdness & Mutations

You reflexively headbutt those who attack you in melee.
You have a pair of horns on your head.


Message History

The bag of meat is engulfed in blazing flames.
The meat berserker is engulfed in blazing flames.
You hear a shout! x2
The bag of meat is engulfed in blazing flames.
You hear a shout!
A tyrant comes into view.
The tyrant shouts!
Items here: ))))) ===== You are too injured to fight recklessly!
Unknown command.
A bag of meat comes into view. It is wielding a +9 war axe.
You hear a shout! x2
The tyrant waves its bony arms in wide circles.
The air twists around and strikes you!
You hear a shout!
The meat berserker hits you with a +9 battleaxe!!
* * * LOW HITPOINT WARNING * * *
You hear a shout!
The destroyer hits you with a +9 great sword of slicing!!!!
You die...

#... #... o.#
....###... ..###.
....z....###......
.#........_...L..
.......#).)..#
..§....#_)<)_#
.......#))O))#...
.#....))))_).......
......V@o###.......
....###OVo.%..###..
... #§§§§...# . .
#...o...#
LM..o.....
.......%...
...........
......o..o.#


You could see an accursed, 2 tyrants, 2 destroyers, a sculptor of flesh, 2 meat
berserkers and 6 bags of meat.

Vanquished Creatures
  5 vampire knights (D)
  15 ogres (D)
  4 two-headed ogres (D)
  28 orcs (D)
  2 skeletal warriors (D)
  2 large abominations (D)
  7 small abominations (D)
  5 crawling corpses (D)
68 creatures vanquished.

Vanquished Creatures (others)
  2 crawling corpses (D)
2 creatures vanquished.

Grand Total: 70 creatures vanquished

Notes
Turn   | Place    | Note
-------+----------+-------------------------------------------
     0 | D        | Found the +∞ Axe of Woe
     0 | D        | Fang the Minotaur Gladiator began the quest for the Orb.
     0 | D        | Reached XP level 1. HP: 18/18 MP: 0/0
     2 | D        | Noticed a bag of meat
     3 | D        | Noticed a bag of meat
     4 | D        | Became a worshipper of Makhleb the Destroyer
     5 | D        | Noticed a bag of meat
     7 | D        | Noticed a meat berserker
     7 | D        | Killed a bag of meat
     7 | D        | Reached XP level 2. HP: 40/40 MP: 1/1
     7 | D        | Reached XP level 3. HP: 47/47 MP: 2/2
     7 | D        | Reached XP level 4. HP: 55/55 MP: 3/3
     7 | D        | Reached XP level 5. HP: 61/61 MP: 4/4
     7 | D        | Reached XP level 6. HP: 68/68 MP: 5/5
     7 | D        | Reached XP level 7. HP: 74/74 MP: 6/6
     7 | D        | Reached XP level 8. HP: 82/82 MP: 7/7
     7 | D        | Reached XP level 9. HP: 89/89 MP: 8/8
     7 | D        | Reached XP level 10. HP: 96/96 MP: 9/9
     7 | D        | Reached XP level 11. HP: 103/103 MP: 10/10
     8 | D        | Noticed a bag of meat
     9 | D        | Noticed a bag of meat
     9 | D        | Noticed a meat berserker
     9 | D        | Noticed a meat berserker
     9 | D        | Killed a meat berserker
     9 | D        | Reached * piety under Makhleb
     9 | D        | Reached XP level 12. HP: 118/118 MP: 11/11
     9 | D        | Reached XP level 13. HP: 125/125 MP: 12/12
    10 | D        | Noticed a bag of meat
    10 | D        | Killed a bag of meat
    10 | D        | Reached skill level 15 in Fighting
    10 | D        | Reached skill level 27 in Axes
    10 | D        | Reached XP level 14. HP: 135/135 MP: 13/13
    11 | D        | Noticed a bag of meat
    11 | D        | Killed a bag of meat
    12 | D        | Noticed a bag of meat
    12 | D        | Noticed a bag of meat
    13 | D        | Noticed a bag of meat
    13 | D        | Killed a meat berserker
    13 | D        | Reached ** piety under Makhleb
    13 | D        | Reached skill level 27 in Dodging
    13 | D        | Reached XP level 15. HP: 131/160 MP: 14/14
    14 | D        | Noticed a meat berserker
    14 | D        | Noticed a meat berserker
    15 | D        | Killed a meat berserker
    15 | D        | Reached skill level 27 in Fighting
    15 | D        | Reached XP level 16. HP: 183/183 MP: 15/15
    15 | D        | Reached *** piety under Makhleb
    16 | D        | Noticed a meat berserker
    17 | D        | Killed a meat berserker
    17 | D        | Reached skill level 27 in Throwing
    17 | D        | Reached XP level 17. HP: 191/191 MP: 16/16
    19 | D        | Noticed a meat berserker
    19 | D        | Killed a meat berserker
    19 | D        | Reached skill level 27 in Armour
    19 | D        | Reached **** piety under Makhleb
    19 | D        | Reached skill level 10 in Invocations
    19 | D        | Reached XP level 18. HP: 200/200 MP: 16/27
    20 | D        | Reached skill level 15 in Unarmed Combat
    20 | D        | Reached skill level 10 in Spellcasting
    21 | D        | Killed a meat berserker
    21 | D        | Reached skill level 15 in Stealth
    21 | D        | Reached XP level 19. HP: 207/207 MP: 16/34
    21 | D        | Killed a meat berserker
    21 | D        | Reached ***** piety under Makhleb
    23 | D        | Reached skill level 15 in Spellcasting
    25 | D        | Noticed a meat berserker
    25 | D        | Noticed a meat berserker
    25 | D        | Reached XP level 20. HP: 216/216 MP: 17/40
    28 | D        | Noticed a destroyer
    28 | D        | Noticed a destroyer
    29 | D        | Noticed a destroyer
    29 | D        | Killed a meat berserker
    29 | D        | Reached ****** piety under Makhleb
    29 | D        | Reached skill level 27 in Unarmed Combat
    29 | D        | Reached XP level 21. HP: 224/224 MP: 18/43
    30 | D        | Noticed a large bag of meat
    30 | D        | Reached skill level 27 in Invocations
    31 | D        | Reached skill level 27 in Stealth
    32 | D        | Noticed a large bag of meat
    33 | D        | Killed a destroyer
    33 | D        | Noticed a large bag of meat
    34 | D        | Noticed a destroyer
    35 | D        | Killed a destroyer
    35 | D        | Reached skill level 27 in Spellcasting
    35 | D        | Reached XP level 22. HP: 233/233 MP: 19/52
    36 | D        | Noticed a large bag of meat
    37 | D        | Killed a large bag of meat
    37 | D        | Reached XP level 23. HP: 236/240 MP: 20/53
    39 | D        | Killed a large bag of meat
    39 | D        | Reached XP level 24. HP: 249/249 MP: 20/53
    40 | D        | Killed a destroyer
    43 | D        | Killed a large bag of meat
    43 | D        | Reached XP level 25. HP: 257/257 MP: 21/53
    44 | D        | Noticed a destroyer
    45 | D        | Killed a large bag of meat
    47 | D        | Noticed a destroyer
    47 | D        | Reached XP level 26. HP: 266/266 MP: 22/53
    49 | D        | Killed a destroyer
    50 | D        | Noticed a destroyer
    51 | D        | Killed a destroyer
    51 | D        | Reached XP level 27. HP: 273/273 MP: 23/53
    53 | D        | Noticed an accursed
    53 | D        | Noticed a tyrant
    54 | D        | Demolished by a destroyer

Skill      XL: |  1  2  3  4  5  6  7  8  9 10 11 12 13 14 15 16 17 18 19 20 21 |
---------------+----------------------------------------------------------------+-----
Fighting       | 11 14 15 22 27 | 27.0
Axes           | 20 25 27 | 27.0
Throwing       | 9 12 13 18 23 27 | 27.0
Dodging        | 19 23 24 27 | 27.0
Armour         | 7 11 22 27 | 27.0
Stealth        | 9 15 21 24 27 | 27.0
Unarmed Combat | 11 18 24 27 | 27.0
Spellcasting   | 7 12 17 19 27 | 27.0
Invocations    | 10 16 22 26 27 | 27.0

Action                   |  1- 3 |  4- 6 |  7- 9 | 10-12 | 13-15 | 16-18 | 19-21 | 22-24 | 25-27 || total
-------------------------+-------+-------+-------+-------+-------+-------+-------+-------+-------++-------
Melee: Executioner's axe |     1 |       |       |     1 |     4 |     4 |     8 |     7 |     7 ||    32
Dodge: Dodged            |       |       |       |       |       |     1 |     3 |       |     1 ||     5
